 Dungeon Crawl Stone Soup version 0.32-a0-520-g344ed53f66 (webtiles) character file.

Game seed: 2934520787696703072

92 ezpacito the Trooper (level 4, 0/35 HPs)
             Began as a Demonspawn Chaos Knight on Feb 27, 2024.
             Was a Plaything of Xom.
             Slain by a gnoll
             ... wielding a +0 halberd
              (5 damage)
             ... on level 2 of the Dungeon.
             The game lasted 00:01:47 (1641 turns).

ezpacito the Trooper (Demonspawn Chaos Knight)      Turns: 1641, Time: 00:01:48

Health: 0/35       AC: 10    Str: 14    XL:     4   Next: 35%
Magic:  5/5        EV:  7    Int: 13    God:    Xom [.*....]
Gold:   119        SH:  0    Dex: 12    Spells: 5/5 levels left

rFire   . . .        a - +0 hand axe (chaos)
rCold   . . .        (no shield)
rNeg    . . .        e - +0 chain mail
rPois   +            (no helmet)
rElec   .            j - +1 cloak {rPois}
rCorr   .            (no gloves)
SInv    .            (no boots)
Will    .....        (no amulet) Stlth
                     (no ring)
HPRegen 0.25/turn    (no ring)
MPRegen 0.09/turn

%: no passive effects
@: no status effects
A: demonic guardian 1, spiny 1, weakness stinger 1
a: Renounce Religion


You were on level 2 of the Dungeon.
You worshipped Xom.
You were a plaything of Xom.
You visited 1 branch of the dungeon, and saw 3 of its levels.

You collected 119 gold pieces.

Inventory:

Hand Weapons
 a - a +0 hand axe of chaos (weapon)
Missiles
 i - 3 poisoned darts (quivered)
Armour
 e - a +0 chain mail (worn)
 j - a +1 cloak of poison resistance (worn)
Scrolls
 g - a scroll of amnesia
 l - a scroll of summoning
 o - 2 scrolls of teleportation
 p - a scroll of vulnerability {unknown}
 q - a scroll of fear {unknown}
Potions
 d - 3 potions of mutation
 f - 2 potions of might
 h - a potion of berserk rage {unknown}
 k - a potion of enlightenment {unknown}
 m - 2 potions of lignification {unknown}
 n - a potion of curing {unknown}


   Skills:
 * Level 3.2 Fighting
 * Level 3.1 Axes
 + Level 0.8(2.1) Polearms
 * Level 2.2 Armour
 * Level 1.3 Dodging
 + Level 0.8 Stealth
 * Level 1.1 Unarmed Combat
 * Level 1.2 Spellcasting


You had 5 spell levels left.
You didn't know any spells.
Your spell library was empty.

Dungeon Overview and Level Annotations

Branches:
Dungeon (3/15)

Altars:

Shops:
D:1 [   D:2 !


Innate Abilities, Weirdness & Mutations

A weak demonic guardian rushes to your aid.
You are partially covered in sharp spines.
You have a small tail.


Message History

Reactivating autopickup.
There is a stone staircase leading down here.
You hit the gnoll but do no damage. You tail-slap the gnoll.
The gnoll is heavily wounded.
You hit the hobgoblin but do no damage.
The hobgoblin is poisoned.
You hit the gnoll.
The gnoll blinks!
The hobgoblin is struck by your spines. The hobgoblin hits you.
The gnoll is struck by your spines. The gnoll closely misses you.
The gnoll barely misses you. The hobgoblin is struck by your spines.
The hobgoblin hits you but does no damage.
You hit the gnoll but do no damage.
The gnoll is heavily wounded.
You hit the hobgoblin but do no damage. You barely miss something.
The gnoll is struck by your spines. The gnoll hits you but does no damage.
You hear some strange, mumbled words.
A puff of flame appears from out of thin air!
Deactivating autopickup; reactivate with Ctrl-A.
The puff of flame hits you!
A demonic guardian appears!
The gnoll hits you but does no damage.
The hobgoblin hits you but does no damage.
The gnoll hits you with a +0 whip.
* * * LOW HITPOINT WARNING * * *
You hear some strange, mumbled words.
Something tries to affect you, but you resist.
As you read the scroll of butterflies, it crumbles to dust.
You hear the flapping of tiny wings.
Your iron imp is knocked back by the sudden gust.
The gnoll is knocked back by the sudden gust.
The hobgoblin is knocked back by the sudden gust.
The gnoll is knocked back by the sudden gust.
The gnoll barely misses you. Something barely misses your butterfly.
You closely miss the gnoll.
The gnoll is severely wounded.
You kill the hobgoblin!
Something misses your butterfly. The gnoll is struck by your spines.
The gnoll hits you with a +0 whip.
* * * LOW HITPOINT WARNING * * *
The gnoll hits you from afar with a +0 halberd.
You die... "Boring in life, boring in death..."

.##.<..[...#######.#.#
.###.#.##### #.#.# .# #.#.#
#.#.# .# #.#.#
#########.#.##### .###.#.#
#........bb.....#
.....#.###.#######b#b...>###
.#####.#.......g5b.bb.b....#
.# #.#.##bbb##gbbb...+++.#
.# #...##.b.bb@#.....+∩'.#
.# ###.##bbb########.++'##
.# #..bb.#########.#..# ##
###.............#..#
###..............#
##############.# #.#
#########.# # #.........#


You could see 2 gnolls and a friendly iron imp (summoned).

Vanquished Creatures
  Jessica (D:2)
  An adder (D:2)
  A gnoll (D:1)
  A dart slug (D:1)
  A ribbon worm (D:2)
  2 orcs (D:3)
  7 bats
  A giant cockroach (D:1)
  2 goblins (D:1)
  9 hobgoblins
  12 kobolds
  3 ball pythons (D:2)
  2 rats (D:1)
43 creatures vanquished.

Vanquished Creatures (others)
  A goblin zombie (D:1)
1 creature vanquished.

Grand Total: 44 creatures vanquished

Notes
Turn   | Place    | Note
-------+----------+-------------------------------------------
     0 | D:1      | ezpacito the Demonspawn Chaos Knight began the quest for
                  | the Orb.
     0 | D:1      | Reached XP level 1. HP: 18/18 MP: 1/1
    52 | D:1      | Reached skill level 1 in Dodging
    87 | D:1      | Gained mutation: A weak demonic guardian rushes to your
                  | aid. [demonic ancestry]
    87 | D:1      | Reached XP level 2. HP: 22/24 MP: 2/2
   401 | D:1      | Discovered your monstrous ancestry.
   401 | D:1      | Gained mutation: You have a small tail. [demonic ancestry]
   401 | D:1      | Reached XP level 3. HP: 28/29 MP: 4/4
   503 | D:1      | Found Moan Oplatz's Antique Armour Boutique.
   866 | D:2      | Noticed Jessica
   875 | D:2      | XOM: butterfly on damage
   877 | D:2      | Killed Jessica
   878 | D:2      | Reached skill level 1 in Unarmed Combat
   878 | D:2      | Reached skill level 1 in Spellcasting
   946 | D:2      | Gained mutation: You are partially covered in sharp spines.
                  | [demonic ancestry]
   946 | D:2      | Reached XP level 4. HP: 27/35 MP: 5/5
  1032 | D:2      | Found Xyisudghi's Distillery.
  1520 | D:2      | XOM: silly message
  1596 | D:2      | XOM: silly message
  1641 | D:2      | Slain by a gnoll

Illustrated notes

Levels and vault maps discovered:
D:1:      giann_horns, layout_basic, serial_shops,
          nicolae_shop_advertising_works [nicolae_subvault_shop_adworks]
D:2:      layout_loops_ring, serial_shops, nicolae_shop_tiny_real_fake_doors,
          lemuel_flame_loot_1, uniq_jessica
D:3:      layout_loops_cross

Skill      XL: |  1  2  3 |
---------------+----------+-----
Dodging        | 1 |  1.3
Armour         | 2 |  2.2
Axes           | 3 |  3.1
Unarmed Combat | 1 |  1.1
Spellcasting   | 1 |  1.2
Fighting       | |  3.2
Polearms       | |  0.8
Stealth        | |  0.8

Action                     |  1- 3 |  4- 6 || total
---------------------------+-------+-------++-------
  Melee: Hand axe          |    93 |    22 ||   115
         Tailslap          |     3 |     2 ||     5
    Use: Scroll            |       |     6 ||     6
 Armour: Leather armour    |    65 |     6 ||    71
         Chain mail        |       |    19 ||    19
  Dodge: Dodged            |    61 |    17 ||    78
         Repelled          |     1 |       ||     1

Table legend: (Time is in decaauts)
 A = Elapsed time spent in this place.
 B = Non-inter-level travel time spent in this place.
 C = Inter-level travel time spent in this place.
 D = Time resting spent in this place.
 E = Time spent auto-exploring this place.
 F = Levels seen in this place.
 G = Mean time per level.
                   A        B        C        D        E       F      G
               +--------+--------+--------+--------+--------+-----+--------+
         Total |   1658 |   1573 |     85 |     12 |   1235 |   3 |  552.7 |
       Dungeon |   1658 |   1573 |     85 |     12 |   1235 |   3 |  552.7 |
               +--------+--------+--------+--------+--------+-----+--------+

Top non-repeatable levels by time:
     D:1: 833 daAuts
     D:2: 816 daAuts
     D:3: 8 daAuts
